 Dungeon Crawl Stone Soup version 0.19-a0-1834-g6b7851e (webtiles) character file.

831 GameOver the Changer (level 7, -6/43 HPs)
             Began as an Octopode Transmuter on Oct 8, 2016.
             Was an Initiate of Cheibriados.
             Mangled by dobroeutro's ghost (10 damage)
             ... on level 5 of the Dungeon.
             The game lasted 00:21:42 (3349 turns).

GameOver the Changer (Octopode Transmuter)          Turns: 3349, Time: 00:21:44

Health: -6/43      AC:  2    Str: 10    XL:     7   Next: 98%
Magic:  6/10       EV: 27    Int: 16    God:    Cheibriados [......]
Gold:   201        SH:  0    Dex: 19    Spells: 3 memorised, 4 levels left

rFire  . . .     SeeInvis .       - Unarmed
rCold  . . .     Gourm    .     (shield currently unavailable)
rNeg   . . .     Faith    .     (helmet currently unavailable)
rPois  x         Spirit   .     (no amulet)
rElec  .         Dismiss  .     u - +5 ring of evasion
rCorr  .         Reflect  .     (no ring)
MR     .....     Harm     .     (no ring)
Stlth  +++.......               (no ring)
                                (no ring)
                                (no ring)
                                (no ring)
                                (no ring)

@: about to teleport, spider-form, very slow
A: almost no armour, stealthy swim, (amphibious), 8 rings, (constrict 8),
(camouflage 0), dopey 1, (gelatinous body 0)
a: End Transformation, Bend Time, Renounce Religion


You were on level 5 of the Dungeon.
You worshipped Cheibriados.
Cheibriados was noncommittal.
You were hungry.
You were a venomous arachnid creature.
You visited 2 branches of the dungeon, and saw 6 of its levels.

You collected 201 gold pieces.

Inventory:

Hand Weapons
 d - a +0 spear (melded)
Missiles
 a - 105 arrows
 g - 77 stones (quivered)
 p - 50 sling bullets
Jewellery
 u - a +5 ring of evasion (left front leg)
Wands
 B - a wand of slowing (5/48)
Scrolls
 e - a scroll of noise {unknown}
 f - a scroll of enchant armour {unknown}
 i - a scroll of immolation {unknown}
 k - a scroll of fear {unknown}
 l - 3 scrolls of remove curse
 m - a scroll of teleportation
 n - a scroll of blinking {unknown}
 s - 4 scrolls of identify
 t - 2 scrolls of recharging {unknown}
 y - a scroll of amnesia {unknown}
 C - a scroll of magic mapping {unknown}
Potions
 j - 2 potions of curing
 q - a potion of magic
 v - a potion of heal wounds
Books
 b - a book of Changes

   Spells                             Type                      Level
   a - Beastly Appendage              Transmutation                1
   b - Sticks to Snakes               Transmutation                2
   c - Spider Form                    Transmutation/Poison         3
   d - Ice Form                       Ice/Transmutation            4
   e - Blade Hands                    Transmutation                5
Comestibles
 c - 4 bread rations
 h - 2 meat rations
 o - 11 fruits
 r - 2 royal jellies
 z - 9 chunks of flesh
 A - 2 slices of pizza


   Skills:
 - Level 1.0 Fighting
 + Level 3.6 Dodging
 + Level 4.0 Stealth
 - Level 3.0 Unarmed Combat
 - Level 2.0 Spellcasting
 + Level 6.2 Transmutations
 - Level 5.1 Poison Magic


You had 4 spell levels left.
You knew the following spells:

 Your Spells              Type           Power        Failure   Level  Hunger
a - Beastly Appendage     Tmut           ###...       6%          1    #......
b - Sticks to Snakes      Tmut           ###.....     10%         2    ###....
c - Spider Form           Tmut/Pois      ###.......   21%         3    ###....


Dungeon Overview and Level Annotations

Branches:
Dungeon (5/15)             Temple (1/1) D:4

Altars:
Cheibriados
Dithmenos
Gozag
Kikubaaqudgha
Makhleb
Okawaru
Ru
Sif Muna
Trog
Uskayaw
Vehumet
Zin

Annotations:
D:5 dobroeutro's ghost, amateur DDFi


Innate Abilities, Weirdness & Mutations

You cannot wear most types of armour.
You are very stealthy in the water. (Stealth+)
((You are amphibious.))
You can wear up to eight rings at the same time.
((You can use your tentacles to constrict eight enemies at once.))
((Your skin changes colour to match your surroundings (Stealth+).))
((Your rubbery body absorbs attacks. (AC +1, EV +1)))
You are dopey. (Int -2)


Message History

Dobroeutro's ghost is moderately damaged.
Dobroeutro's ghost completely misses you.
You hit dobroeutro's ghost but do no damage.
Dobroeutro's ghost is moderately damaged.
You hit dobroeutro's ghost but do no damage.
Dobroeutro's ghost is moderately damaged.
Your transformation has ended.
Your +0 spear unmelds from your body.
Dobroeutro's ghost hits you!
As you read the scroll of teleportation, it crumbles to dust.
You feel strangely unstable.
Dobroeutro's ghost ripples.
Dobroeutro's ghost hits you!
* * * LOW HITPOINT WARNING * * *
Casting: Spider Form
Confirm with . or Enter, or press ? or * to list all spells.
You turn into a venomous arachnid creature.
Your +0 spear melds into your body.
You are feeling hungry.
Dobroeutro's ghost hits you!
You die...

≈≈....≈≈≈≈≈≈≈≈
≈≈....≈≈≈≈≈≈≈≈≈≈≈
≈≈....≈≈≈≈≈≈ ≈≈≈≈≈
.......... ......
#.......# ..... #.
#.......##.#.#
.##............#
..#....)..W....#
#.........s....#
##.######).###...#
#.###.....# .
#.....##.##
#..#####.# ###..##
#.# #.....####.#
######.#.........
.......#.#######.


You could see dobroeutro's ghost.

Vanquished Creatures
  Grinder (D:4)
  Sigmund (D:4)
  An ogre (D:4)
  2 hounds
  A centaur skeleton (D:4)
  Jessica (D:3)
  4 worker ants (D:4)
  5 gnolls
  9 adders
  An ooze (D:1)
  2 worms
  3 dart slugs
  4 leopard geckos
  An orc (D:3)
  7 giant cockroaches
  9 goblins
  3 hobgoblins
  9 jackals
  6 kobolds
  5 ball pythons
  6 bats
  4 frilled lizards
  9 rats
94 creatures vanquished.

Notes
Turn   | Place    | Note
-------+----------+-------------------------------------------
     0 | D:1      | GameOver the Octopode Transmuter began the quest for the Orb.
     0 | D:1      | Reached XP level 1. HP: 13/13 MP: 3/3
   136 | D:1      | Reached XP level 2. HP: 15/18 MP: 3/5
   163 | D:1      | Reached skill level 3 in Transmutations
   369 | D:1      | Reached XP level 3. HP: 23/23 MP: 4/6
   660 | D:1      | Learned a level 2 spell: Sticks to Snakes
   664 | D:1      | Learned a level 3 spell: Spider Form
   764 | D:2      | Reached skill level 1 in Poison Magic
   837 | D:2      | Found a shadowy altar of Dithmenos.
   916 | D:2      | Reached XP level 4. HP: 17/28 MP: 5/7
  1057 | D:2      | Reached skill level 4 in Transmutations
  1296 | D:2      | Found a burning altar of Makhleb.
  1296 | D:2      | Found a radiant altar of Vehumet.
  1474 | D:3      | Noticed Jessica
  1477 | D:3      | Killed Jessica
  1477 | D:3      | Reached XP level 5. HP: 33/33 MP: 8/8
  1916 | D:4      | Found a staircase to the Ecumenical Temple.
  1917 | D:4      | Noticed Grinder
  1920 | D:4      | Gained mutation: You have a pair of small antennae on your head. [potion of mutation]
  1920 | D:4      | Lost mutation: You have a pair of small antennae on your head. [potion of mutation]
  1920 | D:4      | Gained mutation: You are dopey. (Int -2) [potion of mutation]
  1936 | D:4      | Killed Grinder
  1936 | D:4      | Reached skill level 5 in Transmutations
  1936 | D:4      | Reached XP level 6. HP: 23/38 MP: 4/9
  1941 | Temple   | Entered the Ecumenical Temple
  2032 | Temple   | Became a worshipper of Cheibriados the Contemplative
  2106 | D:4      | Found a hide-covered altar of Uskayaw.
  2527 | D:4      | Noticed Sigmund
  2537 | D:4      | Reached skill level 1 in Stealth
  2718 | D:4      | Killed Sigmund
  2718 | D:4      | Reached skill level 5 in Poison Magic
  2718 | D:4      | Reached XP level 7. HP: 31/43 MP: 7/10
  2839 | D:4      | Found an ancient bone altar of Kikubaaqudgha.
  2845 | D:4      | Found a deep blue altar of Sif Muna.
  3059 | D:4      | Reached skill level 6 in Transmutations
  3233 | D:5      | Entered Level 5 of the Dungeon
  3328 | D:5      | Noticed dobroeutro's ghost (amateur DDFi)
  3349 | D:5      | Mangled by dobroeutro's ghost

Vault maps used:
D:1:      dpeg_arrival_houses_and_road
D:2:      gammafunk_temple_overflow_elements, overflow_temple_1_default,
          first_bread
D:3:      uniq_jessica
D:4:      eat_drink_and_be_merry_uskayaw, minitemple, grunt_decor_cap,
          minmay_snake_closets, uniq_grinder, uniq_sigmund
D:5:      lemuel_castle_with_subvaults, lemuel_doored_altar, tso_altar,
          kennysheep_nondescript
Temple:   hc_temple_tempest_star

Skill      XL: |  1  2  3  4  5  6  7 |
---------------+----------------------+-----
Transmutations | 3 4 5 6 |  6.2
Poison Magic   | 2 4 5 |  5.1
Stealth        | 2 4 |  4.0
Dodging        | 3 |  3.6
Fighting       | |  1.0
Unarmed Combat | |  3.0
Spellcasting   | |  2.0

Action                   |  1- 3 |  4- 6 |  7- 9 || total
-------------------------+-------+-------+-------++-------
Melee: Unarmed           |    14 |    11 |    61 ||    86
       Spear             |    82 |   119 |    12 ||   213
       Constrict         |    20 |    26 |     3 ||    49
       Kick              |    12 |    25 |     1 ||    38
       Tentacles         |    11 |    17 |       ||    28
       Punch             |     1 |     2 |       ||     3
 Cast: Beastly Appendage |    25 |    30 |     2 ||    57
       Sticks to Snakes  |       |     2 |       ||     2
       Spider Form       |       |     1 |    10 ||    11
 Abil: End Transformatio |       |       |     1 ||     1
  Use: Potion            |     1 |     4 |     2 ||     7
       Scroll            |       |     2 |     2 ||     4
 Stab: Sleeping          |     5 |     4 |     5 ||    14
       Distracted        |       |     1 |       ||     1
  Eat: Chunk             |     1 |     6 |     4 ||    11
Armor: Skin              |    11 |     9 |     2 ||    22
Dodge: Dodged            |    52 |    67 |    65 ||   184
